 Dungeon Crawl Stone Soup version 0.31-a0-188-g5e087ee2ca (webtiles) character file.

Game seed: 9465301156106935597

4054 qw the Skirmisher (level 10, 0/60 HPs)
             Began as a Deep Elf Hunter on June 23, 2023.
             Was an Initiate of Okawaru.
             Killed from afar by Erica (16 damage)
             ... with a lance of force
             ... on level 8 of the Dungeon.
             The game lasted 00:02:34 (6365 turns).

qw the Skirmisher (Deep Elf Hunter)                 Turns: 6365, Time: 00:02:34

Health: 0/60       AC: 20    Str: 16    XL:     10   Next: 4%
Magic:  12/12      EV: 15    Int: 15    God:    Okawaru [......]
Gold:   282        SH:  0    Dex: 18    Spells: 9/9 levels left

rFire   x x .        Y - +2 shortbow (flame)
rCold   x . .        (shield currently unavailable)
rNeg    . . .        a - +0 ring mail
rPois   +            q - +2 helmet
rElec   +            d - +0 cloak
rCorr   .            k - +0 pair of gloves
SInv    .            l - +0 pair of boots
Will    ++...        n - amulet of Elemental Vulnerability {rPois rF-- rC-- AC+8}
Stlth   +            e - +4 ring of slaying {mikee}
HPRegen 0.30/turn    g - ring of the Crafting Gods {rElec rC+ Will+ Str+6 Dex-2}
MPRegen 0.13/turn

%: no passive effects
@: no status effects
A: no striking features
a: Renounce Religion


You were on level 8 of the Dungeon.
You worshipped Okawaru.
Okawaru was noncommittal.
You visited 2 branches of the dungeon, and saw 9 of its levels.

You collected 434 gold pieces.
You spent 152 gold pieces at shops.


   Skills:
 - Level 6.0 Fighting
 - Level 14.1 Ranged Weapons
 - Level 3.0 Armour
 + Level 8.1 Dodging
 - Level 1.2 Stealth


You had 9 spell levels left.
You didn't know any spells.
Your spell library was empty.

Inventory:

Hand Weapons
 Y - a +2 shortbow of flaming (weapon)
Armour
 a - a +0 ring mail (worn)
 d - a +0 cloak (worn)
 h - a +2 leather armour of fire resistance
 k - a +0 pair of gloves (worn)
 l - a +0 pair of boots (worn)
 q - a +2 helmet (worn)
Jewellery
 e - a +4 ring of slaying (left hand) {mikee}
 g - the ring of the Crafting Gods (right hand) {rElec rC+ Will+ Str+6 Dex-2}
   (You found it on level 3 of the Dungeon)

   [ring of strength]

   Str:       It affects your strength (+6).
   Dex:       It affects your dexterity (-2).
   rC:        It protects you from cold.
   rElec:     It insulates you from electricity.
   Will:      It increases your willpower.
 n - the amulet of Elemental Vulnerability (around neck) {rPois rF-- rC-- AC+8}
   (You found it on level 5 of the Dungeon)

   [amulet of nothing]

   AC:        It affects your AC (+8).
   rF:        It makes you very vulnerable to fire.
   rC:        It makes you very vulnerable to cold.
   rPois:     It protects you from poison.
 r - an amulet of regeneration
Scrolls
 c - 7 scrolls of teleportation
 f - a scroll of identify
Potions
 b - a potion of haste
 i - 5 potions of curing
 j - a potion of cancellation
 o - 3 potions of heal wounds
 p - a potion of magic
 t - a potion of berserk rage {unknown}

Dungeon Overview and Level Annotations

Branches:
Dungeon (8/15)             Temple (1/1) D:7
   Lair: D:8-11

Altars:
Cheibriados
Dithmenos
Elyvilon
Fedhas
Kikubaaqudgha
Nemelex Xobeh
Okawaru
Qazlal
Trog
Uskayaw
Vehumet
Wu Jian
Xom
Yredelemnul
Zin
The Shining One

Shops:
D:2 ?   D:4 *=

Annotations:
D:8 Erica


Message History

The orc misses you. Something hits you! Something burns you.
Your Dodging skill increases to level 8!
You shoot an arrow. The arrow hits the orc.
The arrow burns the orc.
The orc is severely wounded.
The orc barely misses you. Something hits you. Something burns you.
You shoot an arrow. The arrow hits the orc!
The arrow burns the orc.
You kill the orc!
Okawaru accepts your kill. Something hits you but does no damage.
You shoot an arrow. The arrow hits the wight.
The arrow burns the wight.
The wight is heavily damaged.
The wight hits you but does no damage.
You hear some strange, mumbled words.
A lance of force appears from out of thin air!
The lance of force hits you but does no damage.
You shoot an arrow. The arrow hits the wight!
The arrow burns the wight.
You destroy the wight!
Okawaru accepts your kill.
You shoot an arrow. The arrow completely misses the gnoll.
Something hits you but does no damage.
You shoot an arrow. The arrow hits the gnoll!
The arrow burns the gnoll.
The gnoll is severely wounded.
The gnoll hits you from afar with a +0 halberd!
Something hits you. Something burns you.
You shoot an arrow. The arrow hits the gnoll!
The arrow burns the gnoll.
You kill the gnoll!
Okawaru accepts your kill. Something hits you but does no damage.
You shoot an arrow. You shoot an arrow. Something hits you!
Something burns you.
You shoot an arrow. Something hits you but does no damage.
You shoot an arrow. Something barely misses you.
You shoot an arrow.
You hear some strange, mumbled words.
A lance of force appears from out of thin air!
The lance of force hits you!
You die...

###..# ##....)#
#......#
##.....##
#.......##
#.[......#
######.....[.#
#...#..@##.#
..>...){%..#
.......)...##..
..............#
#......<.....##
.............#
.............#
..<......#####
......[).#


There were no monsters in sight!

Vanquished Creatures
  Pikel (D:7)
  Grinder (D:4)
  Prince Ribbit (D:5)
  A troll (D:6)
  A hornet (D:7)
  A yak (D:6)
  A steam dragon (D:6)
  Menkaure (D:6)
  3 water moccasins
  2 ice beasts
  A sky beast (D:7)
  A black bear (D:6)
  2 ogres
  A kobold brigand (D:7)
  3 bullfrogs
  A scorpion (D:7)
  5 wights
  4 killer bees (D:7)
  2 howler monkeys
  4 hounds
  An orc priest (D:6)
  3 jellies
  5 iguanas
  2 sleepcaps (D:6)
  2 orc wizards (D:7)
  6 gnolls
  10 adders
  A white imp (D:5)
  An ufetubus (D:3)
  3 worms
  7 dart slugs
  25 orcs
  7 endoplasms
  6 giant cockroaches
  5 goblins
  9 hobgoblins
  7 jackals
  7 kobolds
  3 quokkas
  3 ball pythons
  5 bats
  2 frilled lizards (D:1)
  5 rats
162 creatures vanquished.

Notes
Turn   | Place    | Note
-------+----------+-------------------------------------------
     0 | D:1      | qw the Deep Elf Hunter began the quest for the Orb.
     0 | D:1      | Reached XP level 1. HP: 12/12 MP: 3/3
     0 | D:1      | 0 ||| qw: Version: 0.3-a-9-g12657ce
     0 | D:1      | 0 ||| qw: Game counter: 3616
     0 | D:1      | 0 ||| qw: Always use a shield: true
     0 | D:1      | 0 ||| qw: God list: Okawaru
     0 | D:1      | 0 ||| qw: Allow faded altars: false
     0 | D:1      | 0 ||| qw: Do Orc after D:15 true
     0 | D:1      | 0 ||| qw: Do second Lair branch before Depths: true
     0 | D:1      | 0 ||| qw: Lair rune preference: random
     0 | D:1      | 0 ||| qw: Plans: Normal
     0 | D:1      | 0 ||| PLANNING D:1-11
   146 | D:1      | Reached XP level 2. HP: 14/16 MP: 4/4
   248 | D:1      | Reached skill level 6 in Ranged Weapons
   870 | D:1      | 870 ||| UPGRADING to +0 scale mail.
   880 | D:1      | 880 ||| DROPPING +0 leather armour.
   881 | D:1      | 881 ||| UPGRADING to +0 pair of gloves.
   886 | D:1      | 886 ||| READING scroll labelled QOTAWK ICUI.
   887 | D:1      | 887 ||| READING 2 scrolls labelled GOJYTI OXTENKATH.
   888 | D:1      | 888 ||| READING scroll labelled VEDARGHIECH.
   889 | D:1      | 889 ||| READING scroll labelled TEAFUVAFFU.
   893 | D:1      | 893 ||| DRINKING 2 yellow potions.
   894 | D:1      | 894 ||| DROPPING scroll of butterflies.
   895 | D:1      | 895 ||| DROPPING potion of invisibility.
   951 | D:2      | Found Osseos's Magic Scroll Emporium.
   959 | D:2      | 959 ||| SHOPLISTING scroll of enchant armour (82 gold, have
                  | 68).
   959 | D:2      | 959 ||| BUYING scroll of identify (22 gold).
   959 | D:2      | Bought a scroll of identify for 22 gold pieces
   959 | D:2      | 959 ||| BUYING scroll of identify (22 gold).
   959 | D:2      | Bought a scroll of identify for 22 gold pieces
   959 | D:2      | 959 ||| BUYING scroll of identify (22 gold).
   959 | D:2      | Bought a scroll of identify for 22 gold pieces
   959 | D:2      | 959 ||| SHOPLISTING scroll of identify (22 gold, have 2).
  1123 | D:2      | Reached XP level 3. HP: 20/20 MP: 5/5
  1185 | D:2      | 1185 ||| FLEEEEING.
  1186 | D:2      | 1186 ||| FLEEEEING.
  1187 | D:2      | 1187 ||| FLEEEEING.
  1188 | D:2      | 1188 ||| FLEEEEING.
  1189 | D:2      | 1189 ||| FLEEEEING.
  1190 | D:2      | 1190 ||| FLEEEEING.
  1191 | D:2      | 1191 ||| FLEEEEING.
  1192 | D:2      | 1192 ||| FLEEEEING.
  1327 | D:2      | 1327 ||| FLEEEEING.
  1388 | D:2      | Reached skill level 7 in Ranged Weapons
  1447 | D:2      | Reached XP level 4. HP: 25/25 MP: 6/6
  1895 | D:2      | Reached skill level 8 in Ranged Weapons
  1948 | D:2      | 1948 ||| UPGRADING to +0 pair of boots.
  1953 | D:2      | 1953 ||| DROPPING +6 ring of intelligence.
  1954 | D:2      | 1954 ||| UPGRADING to +4 ring of slaying {mikee}.
  1955 | D:2      | 1955 ||| READING scroll labelled ACHIEL QEOTRIDAOV.
  1956 | D:2      | 1956 ||| READING scroll labelled PILA SAIHEI.
  1957 | D:2      | 1957 ||| DRINKING 2 green potions.
  1958 | D:2      | 1958 ||| READING 4 scrolls of identify.
  1958 | D:2      | 1958 ||| IDENTIFYING purple potion
  1959 | D:2      | 1959 ||| READING 3 scrolls of identify.
  1959 | D:2      | 1959 ||| IDENTIFYING silvery potion
  1960 | D:2      | 1960 ||| DROPPING potion of ambrosia.
  2171 | D:3      | Identified the ring of the Crafting Gods {rElec rC+ Will+
                  | Str+6 Dex-2}
  2298 | D:3      | Reached skill level 1 in Armour
  2406 | D:3      | Noticed Grinder
  2679 | D:3      | 2679 ||| UPGRADING to +0 ring mail.
  2689 | D:3      | 2689 ||| DROPPING +0 scale mail.
  2690 | D:3      | 2690 ||| UPGRADING to ring of the Crafting Gods {rElec rC+
                  | Will+ Str+6 Dex-2}.
  2691 | D:3      | 2691 ||| READING scroll labelled KAICHUENIB.
  2692 | D:3      | 2692 ||| READING 2 scrolls of identify.
  2692 | D:3      | 2692 ||| IDENTIFYING pink potion
  2693 | D:3      | 2693 ||| DROPPING potion of magic.
  2751 | D:4      | Reached XP level 5. HP: 29/29 MP: 7/7
  2773 | D:4      | Reached skill level 9 in Ranged Weapons
  2793 | D:4      | Reached XP level 6. HP: 34/35 MP: 8/8
  2795 | D:4      | Reached skill level 3 in Dodging
  2913 | D:4      | Found Komp's Jewellery Shop.
  2918 | D:4      | 2918 ||| SHOPLISTING +5 ring of evasion (468 gold, have
                  | 106).
  2918 | D:4      | 2918 ||| SHOPLISTING +6 ring of strength (468 gold, have
                  | 106).
  2918 | D:4      | 2918 ||| SHOPLISTING amulet of faith (520 gold, have 106).
  2918 | D:4      | 2918 ||| SHOPLISTING amulet of the acrobat (390 gold, have
                  | 106).
  2918 | D:4      | 2918 ||| SHOPLISTING ring of ice (325 gold, have 106).
  2918 | D:4      | 2918 ||| SHOPLISTING ring of resist corrosion (260 gold,
                  | have 106).
  2918 | D:4      | 2918 ||| SHOPLISTING ring of see invisible (195 gold, have
                  | 106).
  2957 | D:4      | Found Zobeosiwio's Assorted Antiques.
  2966 | D:4      | 2966 ||| BUYING glowing white potion (20 gold).
  2966 | D:4      | Bought a glowing white potion for 20 gold pieces
  2966 | D:4      | 2966 ||| BUYING scroll labelled ECUTUA HUNLERE (23 gold).
  2966 | D:4      | Bought a scroll labelled ECUTUA HUNLERE for 23 gold pieces
  2966 | D:4      | 2966 ||| BUYING scroll labelled ECUTUA HUNLERE (23 gold).
  2966 | D:4      | Bought a scroll labelled ECUTUA HUNLERE for 23 gold pieces
  2966 | D:4      | 2966 ||| SHOPLISTING scroll of identify (46 gold, have 40).
  2966 | D:4      | 2966 ||| BUYING smoky yellow potion (20 gold).
  2966 | D:4      | Bought a smoky yellow potion for 20 gold pieces
  3137 | D:4      | 3137 ||| UPGRADING to +0 cloak.
  3142 | D:4      | 3142 ||| READING 2 scrolls labelled ECUTUA HUNLERE.
  3143 | D:4      | 3143 ||| DRINKING 2 smoky yellow potions.
  3144 | D:4      | 3144 ||| DROPPING scroll of revelation.
  3176 | D:5      | Entered Level 5 of the Dungeon
  3178 | D:5      | 3178 ||| STAIRDANCE
  3180 | D:4      | Paralysed by Grinder for 4 turns
  3185 | D:4      | 3185 ||| FLEEEEING.
  3186 | D:4      | 3186 ||| FLEEEEING.
  3187 | D:4      | 3187 ||| FLEEEEING.
  3188 | D:4      | 3188 ||| FLEEEEING.
  3200 | D:4      | 3200 ||| FLEEEEING.
  3201 | D:4      | 3201 ||| FLEEEEING.
  3213 | D:4      | 3213 ||| FLEEEEING.
  3214 | D:4      | 3214 ||| FLEEEEING.
  3219 | D:4      | 3219 ||| FLEEEEING.
  3221 | D:4      | 3221 ||| STAIRDANCE
  3268 | D:3      | Reached skill level 10 in Ranged Weapons
  3294 | D:4      | Killed Grinder
  3295 | D:4      | Reached skill level 11 in Ranged Weapons
  3295 | D:4      | Reached XP level 7. HP: 33/40 MP: 9/9
  3329 | D:4      | 3329 ||| READING scroll labelled WATTO AMYTSOCW.
  3551 | D:5      | Found the amulet of Elemental Vulnerability {rPois rF--
                  | rC-- AC+8}
  3592 | D:5      | Reached skill level 12 in Ranged Weapons
  3808 | D:5      | Noticed Prince Ribbit
  3817 | D:5      | Killed Prince Ribbit
  3818 | D:5      | Reached XP level 8. HP: 44/44 MP: 10/10
  4000 | D:5      | 4000 ||| UPGRADING to amulet of Elemental Vulnerability
                  | {rPois rF-- rC-- AC+8}.
  4005 | D:5      | 4005 ||| DROPPING ring of magical power.
  4006 | D:5      | 4006 ||| READING scroll labelled CUEMAOQ QU VAA.
  4007 | D:5      | 4007 ||| DRINKING 2 grey potions.
  4008 | D:5      | 4008 ||| READING 2 scrolls of identify.
  4008 | D:5      | 4008 ||| IDENTIFYING glowing white potion
  4009 | D:5      | 4009 ||| DROPPING potion of degeneration.
  4010 | D:5      | 4010 ||| DROPPING potion of attraction.
  4328 | D:6      | Noticed Menkaure
  4331 | D:6      | Killed Menkaure
  4332 | D:6      | Reached skill level 3 in Fighting
  4480 | D:6      | 4480 ||| FLEEEEING.
  4481 | D:6      | 4481 ||| FLEEEEING.
  4571 | D:6      | Reached skill level 13 in Ranged Weapons
  4771 | D:6      | Noticed a troll
  4789 | D:6      | Killed a troll
  4790 | D:6      | Reached skill level 14 in Ranged Weapons
  4790 | D:6      | Reached XP level 9. HP: 19/51 MP: 11/11
  5075 | D:6      | 5075 ||| UPGRADING to +0 helmet.
  5082 | D:6      | 5082 ||| DRINKING 2 coppery potions.
  5126 | D:6      | 5126 ||| DROPPING potion of lignification.
  5168 | D:7      | Reached skill level 6 in Dodging
  5191 | D:7      | 5191 ||| FLEEEEING.
  5192 | D:7      | 5192 ||| STAIRDANCE
  5411 | D:7      | Noticed Pikel
  5424 | D:7      | Killed Pikel
  5425 | D:7      | Reached skill level 6 in Fighting
  5428 | D:7      | 5428 ||| FLEEEEING.
  5429 | D:7      | 5429 ||| FLEEEEING.
  5430 | D:7      | 5430 ||| FLEEEEING.
  5431 | D:7      | 5431 ||| FLEEEEING.
  5432 | D:7      | 5432 ||| FLEEEEING.
  5433 | D:7      | 5433 ||| FLEEEEING.
  5434 | D:7      | 5434 ||| STAIRDANCE
  5506 | D:7      | Found a staircase to the Ecumenical Temple.
  5507 | D:7      | 5507 ||| PLANNING TEMPLE
  5523 | Temple   | Entered the Ecumenical Temple
  5684 | Temple   | 5684 ||| PLANNING OKAWARU WORSHIP
  5697 | Temple   | Became a worshipper of Warmaster Okawaru
  5698 | Temple   | 5698 ||| PLANNING D:1-11
  5893 | D:7      | 5893 ||| READING scroll of enchant weapon.
  5893 | D:7      | 5893 ||| ENCHANTING +1 shortbow of flaming.
  5898 | D:7      | Reached skill level 3 in Armour
  5995 | D:7      | 5995 ||| READING scroll labelled LAEGASTA SOUCEA.
  6189 | D:7      | 6189 ||| UPGRADING to +2 helmet.
  6199 | D:7      | 6199 ||| DROPPING +0 helmet.
  6200 | D:7      | 6200 ||| DROPPING scarf of harm.
  6201 | D:7      | 6201 ||| READING scroll labelled OTANKY VIDURCH.
  6202 | D:7      | 6202 ||| READING 2 scrolls of identify.
  6202 | D:7      | 6202 ||| IDENTIFYING metallic golden potion
  6227 | D:8      | 6227 ||| STAIRDANCE
  6339 | D:8      | Noticed Erica
  6345 | D:8      | Reached XP level 10. HP: 60/60 MP: 12/12
  6362 | D:8      | HP: 15/60 [something (4)]
  6365 | D:8      | Killed from afar by Erica

Levels and vault maps discovered:
D:1:      minmay_arrival_shattered_statue, layout_loops_corners,
          grunt_decor_mini_mirrors
D:2:      kb_forest_paths, layout_basic, serial_shops, shop,
          minmay_strange_pillars
D:3:      layout_loops_ring, nicolae_underground_beach, uniq_grinder
D:4:      layout_rooms, serial_shops, nicolae_shop_tiny_statue_garden, shop
D:5:      layout_loops_cross, uniq_prince_ribbit1
D:6:      layout_loops_corners, minmay_divided_ellipse, uniq_menkaure
D:7:      minmay_spotlight, layout_loops_cross, minmay_temple_entry_large_hall,
          uniq_pikel
D:8:      layout_cave_pools, marbit_many_paths, minitemple,
          nicolae_kite_square_tiling_tiny, nicolae_diode_basic, uniq_erica
Temple:   nicolae_temple_slightly_damp_pantheon

Skill      XL: |  1  2  3  4  5  6  7  8  9 10 |
---------------+-------------------------------+-----
Ranged Weapons | 6 7 8 9 11 12 14 | 14.1
Armour         | 1 3 |  3.0
Fighting       | 2 3 6 |  6.0
Dodging        | 3 5 7 8 |  8.1
Stealth        | |  1.2

Action                     |  1- 3 |  4- 6 |  7- 9 | 10-12 || total
---------------------------+-------+-------+-------+-------++-------
   Fire: Shortbow          |    79 |   154 |   228 |    21 ||   482
    Use: Scroll            |     4 |     7 |     7 |       ||    18
         Potion            |     1 |     2 |     2 |       ||     5
 Armour: Leather armour    |     1 |       |       |       ||     1
         Scale mail        |     6 |    19 |       |       ||    25
         Ring mail         |       |     6 |    36 |    10 ||    52
  Dodge: Dodged            |     8 |    29 |    57 |     9 ||   103

Table legend:
 A = Non-vault XP
 B = Vault XP
 C = Vault XP percentage of total XP
 D = Non-vault monster count
 E = Vault monster count
 F = Vault count percentage of total count
                 A         B        C        D         E       F
            +---------+---------+-------+---------+---------+-------
      Total |    3263 |    2529 |  43.7 |     135 |      27 |  16.7
            +---------+---------+-------+---------+---------+-------
        D:1 |      36 |       0 |   0.0 |      22 |       0 |   0.0
        D:2 |      85 |      29 |  25.4 |      12 |       6 |  33.3
        D:3 |      49 |       0 |   0.0 |      18 |       0 |   0.0
        D:4 |     474 |     290 |  38.0 |      26 |       1 |   3.7
        D:5 |     367 |     286 |  43.8 |      12 |       1 |   7.7
        D:6 |     663 |    1162 |  63.7 |      17 |      14 |  45.2
        D:7 |    1214 |     762 |  38.6 |      22 |       5 |  18.5
        D:8 |     375 |       0 |   0.0 |       6 |       0 |   0.0
            +---------+---------+-------+---------+---------+-------
